 Dungeon Crawl Stone Soup version 0.18.1-50-g88ac8fd (webtiles) character file.

53 Meaglor the Chiller (level 4, -5/30 HPs)
             Began as a Human Ice Elementalist on Nov 29, 2017.
             Killed from afar by an orc wizard (9 damage)
             ... with a puff of flame
             ... on level 3 of the Dungeon.
             The game lasted 00:13:00 (2505 turns).

Meaglor the Chiller (Human Ice Elementalist)        Turns: 2505, Time: 00:13:01

Health: -5/30      AC:  2    Str:  9    XL:     4   Next: 10%
Magic:  1/7        EV: 12    Int: 16    God:
Gold:   74         SH:  0    Dex: 13    Spells: 3 memorised, 1 level left

rFire  . . .     SeeInvis .     j - +0 spear
rCold  + . .     Gourm    .     l - +0 robe
rNeg   . . .     Faith    .     (no shield)
rPois  .         Spirit   .     (no helmet)
rElec  .         Dismiss  .     (no cloak)
rCorr  .         Reflect  .     (no gloves)
SustAt .         Harm     .     (no boots)
MR     .....                    (no amulet)
Stlth  ++........               k - ring of protection from cold
                                c - ring of flight

@: not resistant to hostile enchantments, unstealthy
A: no striking features
a: Evoke Flight


You were on level 3 of the Dungeon.
You were not hungry.

You visited 1 branch of the dungeon, and saw 3 of its levels.

You collected 74 gold pieces.

Inventory:

Hand Weapons
 i - a +0 club
 j - a +0 spear (weapon)
Missiles
 o - 20 sling bullets
Armour
 a - a +0 robe
 l - a +0 robe (worn)
Jewellery
 c - a ring of flight (left hand)
 k - a ring of protection from cold (right hand)
Scrolls
 d - a scroll of identify
 e - a scroll of teleportation
 g - 2 scrolls of amnesia
 h - a scroll of remove curse
Potions
 f - 2 potions of curing
 n - a potion of might
Books
 b - a book of Frost

   Spells                             Type                      Level
   a - Freeze                         Ice                          1
   b - Throw Frost                    Conjuration/Ice              2
   c - Ozocubu's Armour               Charms/Ice                   3
   d - Throw Icicle                   Conjuration/Ice              4
   e - Summon Ice Beast               Ice/Summoning                4


   Skills:
 + Level 0.2 Fighting
 + Level 2.4 Dodging
 + Level 2.1 Stealth
 + Level 2.3 Spellcasting
 + Level 1.2 Conjurations
 + Level 4.0 Ice Magic


You had one spell level left.
You knew the following spells:

 Your Spells              Type           Power        Failure   Level  Hunger
a - Freeze                Ice            ##..         4%          1    #......
b - Throw Frost           Conj/Ice       ##....       12%         2    ###....
c - Ozocubu's Armour      Chrm/Ice       #.......     28%         3    ###....


Dungeon Overview and Level Annotations

Branches:
Dungeon (3/15)

Altars:


Message History

* * * LOW HITPOINT WARNING * * *
The heat melts your icy armour.
You hit the orc wizard.
The orc wizard is almost dead.
The orc wizard gestures at you while chanting.
You are confused.
The orc wizard casts a spell at you. You resist with some effort.
You bump into the rock wall.
The orc wizard barely misses you.
You bump into the rock wall.
The orc wizard hits you with a dagger.
* * * LOW HITPOINT WARNING * * *
You barely miss the orc wizard.
The orc wizard is almost dead.
The orc wizard hits you but does no damage.
You bump into the rock wall.
You feel less confused. The orc wizard casts a spell at you.
The puff of flame hits you!
Your icy armour melts away.
You die...

##..#...###.....
##.##.###.......
#o.##.#...#.....
###o#.....# #.....
#...#.)...###.....
###.###...#.....#..#
#...# #.#######....#
#†#####.# ###...
#oo@....# ##.#
#######.# #.#
#####.# #<.....
#...... #......
#...)>. #......
#......


You could see an orc wizard and an orc.

Vanquished Creatures
  An adder (D:2)
  2 dart slugs (D:1)
  3 giant geckos
  An orc (D:3)
  4 bats (D:2)
  3 giant cockroaches
  A goblin (D:2)
  6 hobgoblins
  5 kobolds
  8 rats
34 creatures vanquished.

Notes
Turn   | Place    | Note
--------------------------------------------------------------
     0 | D:1      | Meaglor the Human Ice Elementalist began the quest for the Orb.
     0 | D:1      | Reached XP level 1. HP: 13/13 MP: 3/3
   279 | D:1      | Reached XP level 2. HP: 19/19 MP: 0/5
   288 | D:1      | Learned a level 2 spell: Throw Frost
  1194 | D:1      | Reached XP level 3. HP: 21/24 MP: 2/6
  1740 | D:2      | Learned a level 3 spell: Ozocubu's Armour
  2303 | D:3      | Reached skill level 4 in Ice Magic
  2303 | D:3      | Reached XP level 4. HP: 10/30 MP: 1/7
  2505 | D:3      | Killed from afar by an orc wizard

Skill      XL: |  1  2  3 |
---------------+----------+-----
Ice Magic      | 4 |  4.0
Fighting       | |  0.2
Dodging        | |  2.4
Stealth        | |  2.1
Spellcasting   | |  2.3
Conjurations   | |  1.2

Action                   |  1- 3 |  4- 6 || total
-------------------------+-------+-------++-------
Melee: Unarmed           |    31 |       ||    31
       Club              |     8 |       ||     8
       Spear             |    37 |     4 ||    41
 Cast: Freeze            |    24 |     4 ||    28
       Throw Frost       |     4 |     2 ||     6
       Ozocubu's Armour  |     2 |     1 ||     3
  Use: Potion            |     6 |       ||     6
       Scroll            |     6 |       ||     6
 Stab: Sleeping          |     3 |       ||     3
  Eat: Bread ration      |     1 |       ||     1
       Meat ration       |       |     1 ||     1
Armor: Robe              |    15 |     1 ||    16
Dodge: Dodged            |    66 |     5 ||    71
